 Dungeon Sprint DCSS version 0.19-a0-1654-g9d3f708 (webtiles) character file.

10232 George the Fencer (level 11, -2/112 HPs)
             Began as a Minotaur Fighter on Sept 20, 2016.
             Was the Champion of the Shining One.
             Killed from afar by an ogre mage (36 damage)
             ... with a bolt of lightning
             ... in the Dungeon (Sprint IX: "|||||||||||||||||||||||||||||").
             The game lasted 00:04:59 (2041 turns).

George the Fencer (Minotaur Fighter)                Turns: 2041, Time: 00:05:00

Health: -2/112     AC: 22    Str: 22    XL:     11   Next: 33%
Magic:  10/19      EV:  7    Int:  5    God:    the Shining One [******]
Gold:   1283       SH: 24    Dex: 15    Spells: 0 memorised, 10 levels left

rFire  . . .     SeeInvis .     o - +2 scimitar (flame)
rCold  . . .     Gourm    .     v - +0 plate armour
rNeg   + + +     Faith    .     c - +0 shield
rPois  .         Spirit   .     (helmet restricted)
rElec  .         Dismiss  .     y - +0 cloak
rCorr  .         Reflect  .     a - +0 pair of gloves
MR     .....     Harm     .     (no boots)
Stlth  .......... NoTele   +    (no amulet)
                                q - +3 ring of dexterity
                                b - +2 ring of protection

@: divine shield, glowing
A: retaliatory headbutt, horns 2
a: Divine Shield, Cleansing Flame, Summon Divine Warrior, Brand Weapon With Holy
Wrath, Renounce Religion


You were in the Dungeon.
You worshipped the Shining One.
The Shining One was exalted by your worship.
You were not hungry.

You visited 1 branch You collected 1283 gold pieces.

Inventory:

Hand Weapons
 o - a +2 scimitar of flaming (weapon)
Armour
 a - a +0 pair of gloves (worn)
 c - a +0 shield (worn)
 v - a +0 plate armour (worn)
 y - a +0 cloak (worn)
Jewellery
 b - a +2 ring of protection (left hand)
 q - a +3 ring of dexterity (right hand)
Wands
 n - a wand of acid (7/15)
Scrolls
 k - 2 scrolls of blinking
 l - 3 scrolls of remove curse
 m - 2 scrolls of amnesia
 s - a scroll of fog
 t - 4 scrolls of enchant armour
 u - 4 scrolls of fear
Potions
 d - 2 potions of might
 e - 5 potions of curing
 g - 8 potions of heal wounds
 h - a potion of haste
 i - 4 potions of magic
 j - a potion of berserk rage
 r - a potion of cure mutation
Comestibles
 f - 13 bread rations
 w - 40 fruits
 x - 12 meat rations


   Skills:
 + Level 15.0 Fighting
 + Level 15.1 Long Blades
 + Level 15.1 Armour
 + Level 14.9 Shields
 + Level 12.2 Invocations


You had 10 spell levels left.
You didn't know any spells.

Dungeon Overview and Level Annotations

Branches:
Dungeon (1/1)

Altars:
Cheibriados
Dithmenos
Elyvilon
Fedhas
Gozag
Hepliaklqana
Kikubaaqudgha
Makhleb
Nemelex Xobeh
Okawaru
Qazlal
Ru
Sif Muna
Trog
Uskayaw
Vehumet
Xom
Yredelemnul
Zin
The Shining One
Beogh
Jiyva
Lugonu

Shops:
D [}


Innate Abilities, Weirdness & Mutations

You reflexively headbutt those who attack you in melee.
You have a pair of horns on your head.


Message History

Your daeva barely misses the stone giant.
Your daeva hits the stone giant but does no damage.
Your daeva blocks the stone giant's attack.
Your daeva hits the stone giant with a long sword of holy wrath! x2
Your daeva blocks the stone giant's attack.
Your daeva hits the stone giant with a long sword of holy wrath!!
The stone giant dies!
Your Fighting skill increases to level 15!
Your Long Blades skill increases to level 15!
Your Armour skill increases to level 15!
The ogre mage hits your daeva but does no damage.
Your daeva hits the ogre mage with a long sword of holy wrath!
Your daeva hits the ogre mage with a long sword of holy wrath.
The ogre mage gestures at you while chanting.
Your daeva resists with almost no effort.
Your daeva blocks the ogre mage's attack.
Your daeva hits the ogre mage with a long sword of holy wrath! x2
The ogre mage casts a spell at you. The bolt of lightning hits your daeva.
The bolt of lightning hits you!
You die...

▓▓▓▓▓▓▓▓▓▓▓▓▓▓▓▓▓▓▓▓▓▓▓▓▓▓
∩.OCTTOA'@....(.)))).)....
▓▓▓▓▓▓▓▓▓▓▓▓▓▓▓▓▓▓▓▓▓▓▓▓▓▓▓▓▓▓▓▓▓
..............................)..
▓▓▓▓▓▓▓▓▓▓▓▓▓▓▓▓▓▓▓▓▓▓▓▓▓▓▓▓▓▓▓▓▓
.'............†.....†...†........
▓▓▓▓▓▓▓▓▓▓▓▓▓▓▓▓▓▓▓▓▓▓▓▓▓▓▓▓▓▓▓▓▓
.................................
▓▓▓▓▓▓▓▓▓▓▓▓▓▓▓▓▓▓▓▓▓▓▓▓▓▓▓▓▓▓▓▓▓
....'..[[.)|.!'._________________


You could see an ettin, 2 ogre magi, a deep troll, a troll and a friendly daeva.

Vanquished Creatures
  A stone giant (D)
  Erolcha (D)
  An orc knight (D)
  A cyclops (D)
  3 orc sorcerers (D)
  3 spiny frogs (D)
  A komodo dragon (D)
  4 tyrant leeches (D)
  2 trolls (D)
  A hippogriff (D)
  6 yaks (D)
  A basilisk (D)
  A vampire mosquito (D)
  A water moccasin (D)
  A porcupine (D)
  A sky beast (D)
  10 orc warriors (D)
  A wolf (D)
  5 crocodiles (D)
  A bullfrog (D)
  5 orc wizards (D)
  3 iguanas (D)
  An adder (D)
  A river rat (D)
  2 shadow imps (D)
  An adder zombie (D)
  A worm (D)
  8 orcs (D)
  A bat skeleton (D)
  2 hobgoblins (D)
  A quokka (D)
  2 bats (D)
  A frilled lizard (D)
75 creatures vanquished.

Vanquished Creatures (collateral kills)
  A stone giant (D)
1 creature vanquished.

Grand Total: 76 creatures vanquished

Notes
Turn   | Place    | Note
-------+----------+-------------------------------------------
     0 | D        | George the Minotaur Fighter began the quest for the Orb.
     0 | D        | Reached XP level 1. HP: 19/19 MP: 0/0
    74 | D        | Noticed an iguana
    82 | D        | Killed an iguana
    82 | D        | Reached skill level 5 in Fighting
    82 | D        | Reached skill level 5 in Long Blades
    82 | D        | Reached XP level 2. HP: 11/29 MP: 1/1
    82 | D        | Reached XP level 3. HP: 14/36 MP: 2/2
    85 | D        | Reached skill level 5 in Armour
   316 | D        | Found a roughly hewn altar of Beogh.
   316 | D        | Found a snail-covered altar of Cheibriados.
   316 | D        | Found a shadowy altar of Dithmenos.
   316 | D        | Found a white marble altar of Elyvilon.
   316 | D        | Found a blossoming altar of Fedhas.
   316 | D        | Found an opulent altar of Gozag.
   317 | D        | Found a hazy altar of Hepliaklqana.
   318 | D        | Found a viscous altar of Jiyva.
   319 | D        | Found an ancient bone altar of Kikubaaqudgha.
   320 | D        | Found a corrupted altar of Lugonu.
   321 | D        | Found a burning altar of Makhleb.
   322 | D        | Found a sparkling altar of Nemelex Xobeh.
   323 | D        | Found an iron altar of Okawaru.
   324 | D        | Found a stormy altar of Qazlal.
   325 | D        | Found a sacrificial altar of Ru.
   326 | D        | Found a deep blue altar of Sif Muna.
   327 | D        | Found a bloodstained altar of Trog.
   328 | D        | Found a hide-covered altar of Uskayaw.
   329 | D        | Found a radiant altar of Vehumet.
   330 | D        | Found a shimmering altar of Xom.
   331 | D        | Found a basalt altar of Yredelemnul.
   332 | D        | Found a glowing silver altar of Zin.
   333 | D        | Found a glowing golden altar of the Shining One.
   341 | D        | Became a worshipper of the Shining One
   382 | D        | Noticed a troll
   382 | D        | Reached * piety under the Shining One
   382 | D        | Noticed a sky beast
   382 | D        | Noticed a yak
   386 | D        | Killed a yak
   386 | D        | Reached XP level 4. HP: 45/47 MP: 2/5
   386 | D        | Reached XP level 5. HP: 50/52 MP: 2/6
   393 | D        | Killed a sky beast
   393 | D        | Reached XP level 6. HP: 52/61 MP: 2/8
   395 | D        | Reached ** piety under the Shining One
   400 | D        | Killed a troll
   400 | D        | Reached skill level 5 in Invocations
   447 | D        | Noticed a cyclops
   447 | D        | Noticed a yak
   447 | D        | Noticed a troll
   447 | D        | Reached *** piety under the Shining One
   449 | D        | Reached XP level 7. HP: 69/69 MP: 10/10
   460 | D        | Killed a troll
   464 | D        | Killed a yak
   464 | D        | Reached skill level 10 in Long Blades
   464 | D        | Reached skill level 10 in Armour
   471 | D        | Killed a cyclops
   471 | D        | Reached skill level 10 in Fighting
   471 | D        | Reached skill level 10 in Shields
   471 | D        | Reached XP level 8. HP: 5/80 MP: 8/12
   903 | D        | Noticed a spiny frog
   903 | D        | Reached **** piety under the Shining One
   924 | D        | Killed a spiny frog
   924 | D        | Reached XP level 9. HP: 52/89 MP: 14/14
  1148 | D        | Noticed a komodo dragon
  1148 | D        | Reached ***** piety under the Shining One
  1166 | D        | Killed a komodo dragon
  1308 | D        | Noticed a tyrant leech
  1308 | D        | Noticed a tyrant leech
  1308 | D        | Noticed a spiny frog
  1308 | D        | Noticed a tyrant leech
  1309 | D        | Noticed a spiny frog
  1315 | D        | Killed a tyrant leech
  1315 | D        | Reached ****** piety under the Shining One
  1315 | D        | Reached skill level 10 in Invocations
  1320 | D        | Killed a spiny frog
  1320 | D        | Reached XP level 10. HP: 73/100 MP: 16/16
  1338 | D        | Killed a spiny frog
  1434 | D        | Noticed Erolcha
  1441 | D        | Killed Erolcha
  1640 | D        | Noticed an orc sorcerer
  1648 | D        | Noticed an orc sorcerer
  1658 | D        | Killed an orc sorcerer
  1659 | D        | Noticed an orc knight
  1661 | D        | Killed an orc sorcerer
  1665 | D        | Noticed an orc sorcerer
  1669 | D        | Noticed a sun demon
  1683 | D        | Noticed an orange demon
  1684 | D        | Killed an orc knight
  1684 | D        | Reached XP level 11. HP: 99/111 MP: 18/18
  1713 | D        | Killed an orc sorcerer
  2004 | D        | Found Iclahu's Gadget Boutique.
  2004 | D        | Noticed a deep troll
  2004 | D        | Noticed a stone giant
  2004 | D        | Noticed a stone giant
  2004 | D        | Noticed an ogre mage
  2005 | D        | Noticed an ettin
  2007 | D        | Noticed an ogre mage
  2020 | D        | Killed a stone giant
  2021 | D        | Found Edwat's Armour Shop.
  2038 | D        | Killed a stone giant
  2038 | D        | Reached skill level 15 in Fighting
  2038 | D        | Reached skill level 15 in Long Blades
  2038 | D        | Reached skill level 15 in Armour
  2041 | D        | Killed from afar by an ogre mage

Vault maps used:
D:        linesprint

Skill      XL: |  1  2  3  4  5  6  7  8  9 10 11 |
---------------+----------------------------------+-----
Long Blades    | 5 7 8 9 10 11 13 14 15 | 15.1
Fighting       | 5 7 8 10 11 12 14 15 | 15.0
Armour         | 4 7 9 10 11 12 14 15 | 15.1
Shields        | 4 6 7 8 10 11 12 14 | 14.9
Invocations    | 3 4 5 7 8 10 11 12 | 12.2

Action                   |  1- 3 |  4- 6 |  7- 9 | 10-12 || total
-------------------------+-------+-------+-------+-------++-------
Melee: Long sword        |    27 |       |       |       ||    27
       Headbutt          |     8 |     3 |    28 |    48 ||    87
       Scimitar          |     4 |    17 |   112 |   165 ||   298
Invok: Divine Shield     |       |       |     1 |     1 ||     2
       Summon Divine War |       |       |       |     1 ||     1
  Use: Potion            |     1 |       |       |       ||     1
  Eat: Chunk             |       |       |     2 |     2 ||     4
Armor: Scale mail        |     6 |       |       |       ||     6
       Chain mail        |     1 |     8 |    29 |    11 ||    49
       Plate armour      |       |       |       |    22 ||    22
Dodge: Dodged            |     6 |     3 |    14 |    18 ||    41
Block: Shield            |     8 |     8 |    48 |    33 ||    97
